 Dungeon Crawl Stone Soup version 0.30-a0-50-gb2d611f6b1 (webtiles) character file.

Game seed: 1862895733923352657

30055 ToastOfDOOM the Fighter (level 13, -107/122 HPs)
             Began as a Minotaur Fighter on Sept 3, 2022.
             Was an Elder of Trog.
             Annihilated by a boulder beetle (109 damage)
             ... on level 4 of the Lair of Beasts.
             The game lasted 02:24:33 (18705 turns).

ToastOfDOOM the Fighter (Minotaur Fighter)         Turns: 18705, Time: 02:24:34

Health: -107/122   AC: 24    Str: 31    XL:     13   Next: 18%
Magic:  12/12      EV:  2    Int:  9    God:    Trog [****..]
Gold:   931        SH:  0    Dex: 19    Spells: 12/12 levels left

rFire   . . .      SeeInvis .    S - +4 scimitar (flame)
rCold   . . .      Faith    .    c - +0 buckler
rNeg    . . .      Spirit   .    R - +3 chain mail {rPois}
rPois   +          Reflect  .    (helmet restricted)
rElec   .          Harm     .    o - +1 cloak of Minor Irritation {Int+4 Slay+2}
rCorr   +          Rampage  .    P - +2 pair of gloves
Will    .....                    U - +1 pair of boots {Stlth+}
Stlth   ..........               T - amulet of the Falcon {Acrobat rCorr Str+2 Stlth-}
HPRegen 0.30/turn                j - +6 ring of strength
MPRegen 0.13/turn                N - +6 ring of dexterity

@: lethally poisoned (-107 -> -111), sleeping
A: horns 2, retaliatory headbutt
a: Renounce Religion, Berserk, Trog's Hand, Brothers in Arms


You were on level 4 of the Lair of Beasts.
You worshipped Trog.
Trog was greatly pleased with you.
You visited 3 branches of the dungeon, and saw 15 of its levels.
You also visited: Gauntlet.

You collected 931 gold pieces.

Inventory:

Hand Weapons
 e - a +1 antimagic bardiche
 t - a +0 flail of protection
 w - a +2 vorpal dire flail
 x - a +3 long sword of freezing
 J - a +3 battleaxe
 S - a +4 scimitar of flaming (weapon)
Missiles
 i - 8 boomerangs (quivered)
 v - 35 poisoned darts
 D - a throwing net
Armour
 b - a +1 scale mail
 c - a +0 buckler (worn)
 o - the +1 cloak of Minor Irritation (worn) {Int+4 Slay+2}
   (You found it on level 2 of the Dungeon)

   Int:       It affects your intelligence (+4).
   Slay:      It affects your accuracy & damage with ranged weapons and melee
   (+2).
 p - a +0 crystal plate armour
 P - a +2 pair of gloves (worn)
 R - a +3 chain mail of poison resistance (worn)
 U - a +1 pair of boots of stealth (worn)
 X - the +0 scale mail of the Hills {+Blink}
   (You found it on level 3 of the Lair of Beasts)

   +Blink:    It lets you blink.
Jewellery
 j - a +6 ring of strength (left hand)
 N - a +6 ring of dexterity (right hand)
 T - the amulet of the Falcon (around neck) {Acrobat rCorr Str+2 Stlth-}
   (You found it on level 1 of the Lair of Beasts)

   [amulet of the acrobat]

   It increases your evasion while moving and waiting.
   Str:       It affects your strength (+2).
   rCorr:     It protects you from acid and corrosion.
   Stlth:     It makes you less stealthy.
Wands
 h - a wand of digging (7)
 s - a wand of roots (30)
 G - a wand of polymorph (9)
 L - a wand of charming (10)
 V - a wand of flame (10)
Scrolls
 d - 2 scrolls of enchant weapon
 f - 3 scrolls of identify
 k - a scroll of summoning {unknown}
 B - 2 scrolls of enchant armour
 H - a scroll of blinking
 Z - a scroll of magic mapping
Potions
 g - 2 potions of haste
 n - 3 potions of flight
 r - 3 potions of attraction
 A - a potion of magic
 E - 2 potions of ambrosia
 F - a potion of brilliance
 K - a potion of resistance
 O - 3 potions of cancellation
Miscellaneous
 Q - a lightning rod (4/4)


   Skills:
 + Level 13.5 Fighting
 * Level 11.2 Long Blades
 - Level 5.3(7.9) Axes
 - Level 9.0(9.7) Maces & Flails
 + Level 13.4 Armour
 - Level 8.2 Dodging
 + Level 10.3 Shields


You had 12 spell levels left.
You didn't know any spells.
Your spell library was empty.

Dungeon Overview and Level Annotations

Branches:
Dungeon (10/15)            Temple (1/1) D:5            Lair (4/5) D:10
 Shoals (0/4) Lair:3        Snake (0/4) Lair:2        Slime (0/5) Lair:4
    Orc (0/2) D:10        Gauntlet (visited)

Altars:
Ashenzari
Cheibriados
Dithmenos
Elyvilon
Fedhas
Gozag
Hepliaklqana
Kikubaaqudgha
Makhleb
Nemelex Xobeh
Okawaru
Qazlal
Ru
Sif Muna
Trog
Uskayaw
Vehumet
Wu Jian
Xom
Yredelemnul
Zin
The Shining One
Jiyva

Shops:
D:2 (   D:8 =   D:9 *

Annotations:
D:9 exclusion: oklob plant
Lair:4 Kirke, Nessos, Snorg


Innate Abilities, Weirdness & Mutations

You have a pair of horns on your head.
You reflexively headbutt those who attack you in melee.


Message History

* * * LOW HITPOINT WARNING * * *
The elephant attacks as you move away! The elephant closely misses you.
You block the elephant's attack. The elephant attacks as you move away!
The elephant tramples you but does no damage.
The elephant misses you.
You feel very sick.
Nessos shoots an arrow.
The arrow hits you but does no damage.
Nessos mumbles some strange words.
Nessos blinks!
The boggart casts a spell.
The boulder beetle curls into a ball and begins rolling!
The black mamba hisses angrily.
You feel very sick.
Nessos shoots an arrow.
The arrow hits you.
* * * LOW HITPOINT WARNING * * *
The arrow burns you.
* * * LOW HITPOINT WARNING * * *
Nessos shoots an arrow.
The arrow hits you.
* * * LOW HITPOINT WARNING * * *
The arrow burns you.
* * * LOW HITPOINT WARNING * * *
* * * LOW HITPOINT WARNING * * *
You feel sick.
Nessos shoots an arrow.
The arrow barely misses you.
Nessos shoots an arrow.
The arrow completely misses you.
The dream sheep ruffle their wool and motes of dream dust sparkle, to no effect.
There is a staircase to the Slime Pits here.
* * * LOW HITPOINT WARNING * * *
You feel sick.
Nessos shoots an arrow.
You block the arrow.
The elephant tramples you but does no damage.
The elephant trunk-slaps you but does no damage.
The elephant tramples you but does no damage.
The elephant barely misses you.
The dream sheep are wreathed in dream dust.
You feel drowsy...
You fall asleep.
You stop descending the stairs.
The cane toad stings you but does no damage.
Nessos casts a spell.
Nessos blinks!
The boulder beetle hits you!!!!
Ouch! That really hurt!
You die...

.....#..* ##...#.#..............
......#** *#.....................
......# *#.#.........÷.§........
..Y..#####.###...................
...Y......##.....#...............
.#Y...#.....c....................
Y.##........S.FS.................
.S.##..........F.........,,,,,,,,
<.⌠##..Y....gYFY@_......,,,,,,,,,
......#...YFY.YYB.......,,,,,,,,,
⌠.#.Y...YY.YYYY○........,,,,,,,,,
Y##.......D.YDF.§.......,,,,,,,,,
....#....Y.>............,,,,,,,,,
............Y...........,<,,,,,,,
........................,,,,,,,,,
........................,,,,,,,,,
......................,***,,,,,,,


You could see a boulder beetle (rolling), Nessos (fast), an eight-headed hydra,
a seven-headed hydra, 4 elephants, a black mamba, 4 yaks, 2 cane toads, a water
moccasin (summoned), 3 bullfrogs, 6 dream sheep and a boggart.

Vanquished Creatures
  A minotaur (Gauntlet)
  The ghost of Nebesus the Covert, a journeyman NaAE of Kikubaaqudgha (D:8)
  2 boulder beetles (Lair:3)
  A ghost crab (Gauntlet)
  Erica (D:10)
  A hydra (Lair:3)
  The ghost of SlaveLabor the Arsonist, a novice DEFE (D:7)
  A cyclops (D:7)
  A merfolk siren (Lair:3)
  11 elephants
  2 rime drakes (Lair:3)
  Psyche (D:8)
  4 cane toads
  2 kobold demonologists (D:10)
  4 komodo dragons
  A troll (D:10)
  7 polar bears
  11 blink frogs
  A tyrant leech (Gauntlet)
  Prince Ribbit (D:6)
  A slime creature (D:10)
  4 dream sheep (Lair:3)
  A vampire (D:10)
  Sigmund (D:6)
  3 shadows
  27 yaks
  2 wyverns
  3 steam dragons
  Menkaure (D:4)
  A vampire mosquito (D:10)
  3 nagas (Lair:2)
  4 swamp worms (Gauntlet)
  Edmund (D:5)
  4 acid dragons
  8 water moccasins
  3 orc warriors
  A black bear (D:5)
  2 ice beasts
  3 ogres
  7 wolves
  A boggart (Lair:4)
  2 phantoms
  2 kobold brigands (D:9)
  5 bullfrogs
  A gnoll sergeant (D:10)
  A scorpion (D:5)
  6 wights
  A killer bee (D:10)
  9 howler monkeys
  5 electric eels
  5 orc priests
  A gnoll bouda (D:6)
  7 hounds
  An iguana (D:3)
  13 orc wizards
  10 adders
  4 gnolls
  A shadow imp (D:8)
  3 white imps
  An ufetubus (D:6)
  A worm (D:3)
  5 dart slugs
  27 orcs
  9 ball pythons
  5 bats
  9 endoplasms
  5 giant cockroaches
  7 goblins
  5 hobgoblins
  5 jackals
  2 quokkas
  3 frilled lizards
  13 kobolds
  3 rats
313 creatures vanquished.

Vanquished Creatures (collateral kills)
  An elephant (Lair:4)
  A polar bear (Lair:4)
2 creatures vanquished.

Vanquished Creatures (others)
  12 fungi
  22 plants
  16 toadstools (D:9)
  12 withered plants
62 creatures vanquished.

Grand Total: 377 creatures vanquished

Notes
Turn   | Place    | Note
-------+----------+-------------------------------------------
     0 | D:1      | ToastOfDOOM the Minotaur Fighter began the quest for the
                  | Orb.
     0 | D:1      | Reached XP level 1. HP: 19/19 MP: 0/0
    47 | D:1      | Reached XP level 2. HP: 27/27 MP: 1/1
   275 | D:1      | Reached XP level 3. HP: 28/33 MP: 2/2
  1030 | D:2      | Found a bloodstained altar of Trog.
  1048 | D:2      | Became a worshipper of Trog the Wrathful
  1257 | D:2      | Found Riraeb's Antique Weapon Emporium.
  1257 | D:2      | Identified the +1 cloak of Minor Irritation {Int+4 Slay+2}
  1652 | D:3      | Reached XP level 4. HP: 40/40 MP: 3/3
  1831 | D:3      | Found a sparkling altar of Nemelex Xobeh.
  1930 | D:3      | Reached * piety under Trog
  1932 | D:3      | Found a faded altar of an unknown god.
  2681 | D:4      | Found a radiant altar of Vehumet.
  2683 | D:4      | Found a shimmering altar of Xom.
  2686 | D:4      | Found a stormy altar of Qazlal.
  2823 | D:4      | Reached XP level 5. HP: 47/47 MP: 4/4
  2823 | D:4      | Noticed Menkaure
  2831 | D:4      | Killed Menkaure
  2832 | D:4      | Reached skill level 5 in Fighting
  2832 | D:4      | Reached skill level 5 in Armour
  2832 | D:4      | Reached skill level 5 in Shields
  3423 | D:4      | Noticed a phantom
  3427 | D:4      | Killed a phantom
  3428 | D:4      | Reached XP level 6. HP: 55/56 MP: 5/5
  3661 | D:5      | Entered Level 5 of the Dungeon
  3782 | D:5      | Found a staircase to the Ecumenical Temple.
  3791 | D:5      | Noticed Edmund
  3800 | D:5      | Killed Edmund
  3801 | D:5      | Reached skill level 5 in Axes
  3801 | D:5      | Reached XP level 7. HP: 62/62 MP: 6/6
  3858 | Temple   | Entered the Ecumenical Temple
  4234 | D:5      | Reached skill level 1 in Maces & Flails
  4596 | D:5      | Reached skill level 1 in Dodging
  4973 | D:6      | Noticed Sigmund
  4980 | D:6      | Killed Sigmund
  4981 | D:6      | Reached XP level 8. HP: 71/71 MP: 7/7
  5370 | D:6      | Noticed Prince Ribbit
  5383 | D:6      | Killed Prince Ribbit
  5448 | D:6      | Reached ** piety under Trog
  6194 | D:7      | Found a sacrificial altar of Ru.
  6402 | D:7      | Reached XP level 9. HP: 78/81 MP: 4/8
  6424 | D:7      | Found a transporter.
  6425 | D:7      | Found a transporter.
  6425 | D:7      | Noticed SlaveLabor's ghost (novice DEFE)
  6451 | D:7      | Noticed a cyclops
  6505 | D:7      | Reached skill level 5 in Maces & Flails
  6741 | D:7      | Reached *** piety under Trog
  6742 | D:7      | Reached skill level 5 in Dodging
  6746 | D:7      | Killed SlaveLabor's ghost
  7004 | D:7      | Killed a cyclops
  7576 | D:8      | Noticed Psyche
  7586 | D:8      | Killed Psyche
  7770 | D:8      | Reached XP level 10. HP: 91/91 MP: 9/9
  7991 | D:8      | Found Agaum's Jewellery Boutique.
  8033 | D:8      | Found a runed translucent door.
  8034 | D:8      | Noticed Nebesus's ghost (journeyman NaAE)
  8616 | D:8      | Killed Nebesus's ghost
  8617 | D:8      | Reached skill level 10 in Fighting
  8617 | D:8      | Reached skill level 10 in Armour
  8858 | D:9      | Found Meworri's Assorted Antiques.
  9722 | D:9      | Found a blossoming altar of Fedhas.
  9745 | D:9      | Noticed an oklob plant
  9822 | D:10     | Entered Level 10 of the Dungeon
  9852 | D:10     | Found a staircase to the Orcish Mines.
 10110 | D:10     | Reached **** piety under Trog
 10115 | D:10     | Found a staircase to the Lair.
 10718 | D:10     | Noticed Erica
 10724 | D:10     | Killed Erica
 10725 | D:10     | Reached XP level 11. HP: 101/101 MP: 10/10
 11073 | D:10     | Reached skill level 1 in Long Blades
 11792 | Lair:1   | Entered Level 1 of the Lair of Beasts
 12462 | Lair:1   | Identified the amulet of the Falcon {Acrobat rCorr Str+2
                  | Stlth-}
 12565 | Lair:1   | Reached skill level 5 in Long Blades
 13630 | Lair:2   | Reached XP level 12. HP: 78/112 MP: 11/11
 14271 | Lair:2   | Found a staircase to the Snake Pit.
 15631 | Lair:3   | Reached ***** piety under Trog
 15854 | Lair:3   | Reached skill level 10 in Long Blades
 15934 | Lair:3   | Noticed a boulder beetle
 15949 | Lair:3   | Killed a boulder beetle
 16147 | Lair:3   | Found an ornate altar of the Wu Jian Council.
 16147 | Lair:3   | Found a hide-covered altar of Uskayaw.
 16147 | Lair:3   | Noticed a boulder beetle
 16178 | Lair:3   | Killed a boulder beetle
 16373 | Lair:3   | Identified the +0 scale mail of the Hills {+Blink}
 16435 | Lair:3   | Noticed a four-headed hydra
 16452 | Lair:3   | Killed a two-headed hydra
 16586 | Lair:3   | Reached skill level 10 in Shields
 16705 | Lair:3   | Reached XP level 13. HP: 106/122 MP: 12/12
 16865 | Lair:3   | Found a staircase to the Shoals.
 17173 | Lair:4   | Noticed Kirke
 17184 | Lair:4   | Found a gate leading to a gauntlet.
 17190 | Lair:4   | Noticed a sphinx
 17193 | Gauntlet | Entered a Gauntlet
 17193 | Gauntlet | Found a transporter.
 17193 | Gauntlet | Found a transporter.
 17193 | Gauntlet | Found a transporter.
 17197 | Gauntlet | Found a transporter.
 17199 | Gauntlet | Found a transporter.
 17207 | Gauntlet | Found a transporter.
 17208 | Gauntlet | Found a transporter.
 17210 | Gauntlet | Found a transporter.
 17212 | Gauntlet | Found a transporter.
 17214 | Gauntlet | Found a transporter.
 17224 | Gauntlet | Noticed a green death
 17229 | Gauntlet | Found a transporter.
 17233 | Gauntlet | Found a transporter.
 17750 | Gauntlet | Identified the +0 pair of boots of Quloga {Int+8}
 18135 | Gauntlet | Noticed a minotaur
 18143 | Gauntlet | Killed a minotaur
 18255 | Lair:4   | Noticed Nessos
 18257 | Lair:4   | HP: 6/122 [poisoned by Nessos]
 18263 | Lair:4   | HP: 3/122 [Nessos/arrow (12)]
 18273 | Lair:4   | HP: 1/122 [polar bear (8)]
 18284 | Lair:4   | HP: 4/122 [Nessos/arrow (10)]
 18284 | Lair:4   | HP: 1/122 [Nessos/arrow (3)]
 18285 | Lair:4   | Noticed Snorg
 18291 | Lair:4   | Found a staircase to the Slime Pits.
 18291 | Lair:4   | Found a viscous altar of Jiyva.
 18703 | Lair:4   | HP: 6/122 [Nessos/arrow (6)]
 18705 | Lair:4   | HP: 2/122 [poisoned by Nessos]
 18705 | Lair:4   | Annihilated by a boulder beetle

Illustrated notes

Levels and vault maps discovered:
D:1:      minmay_arrival_three_doors, layout_basic
D:2:      layout_loops_ring, serial_shops, nicolae_shop_crystal, basic_altar
D:3:      layout_loops_ring, nemelex_xobeh_ov_fountains_minmay,
          shapermc_ecumenical_altar_flowoftime, guppyfry_early_lair_pool
D:4:      layout_basic, gammafunk_temple_overflow_forgotten, minmay_misc_feat_x,
          wad_floor_pattern_2, uniq_menkaure
D:5:      layout_layer_cave, minmay_temple_entry_sparse_star, uniq_edmund
D:6:      layout_loops_ring, uniq_sigmund, uniq_prince_ribbit1
D:7:      layout_loops_ring, nicolae_ru_great_annihilating_truth,
          gammafunk_ghost_arena
D:8:      layout_basic, serial_shops, shop, gammafunk_ghost_grave, uniq_psyche
D:9:      layout_irregular_city, tgw_fedhas, serial_shops,
          nicolae_shop_hallway_plus, minmay_strange_pillars,
          nicolae_lava_and_water
D:10:     layout_gridville, erik_lair_island, orc_0_dummy,
          kennysheep_kite_vault, uniq_erica
Temple:   kb_temple_of_zot
Lair:1:   layout_layer_cave, infiniplex_staircase_pool_2, serial_bayou_shore_a,
          grunt_megastairs_5
Lair:2:   layout_roguey, minmay_snake_entry_guardpost_small
Lair:3:   layout_roguey, minmay_shoals_entry_lonely_mermaid,
          nzn_masters_of_martial_movement, infiniplex_staircase_pool
Lair:4:   layout_cave_shapes, slime_entry_1, gauntlet_entry_generic,
          kilobyte_rumbling_trees, grunt_megastairs_1, uniq_kirke, uniq_nessos,
          uniq_snorg

Skill      XL: |  1  2  3  4  5  6  7  8  9 10 11 12 13 |
---------------+----------------------------------------+-----
Fighting       | 4 5 6 7 9 10 12 13 | 13.5
Shields        | 4 5 6 8 10 | 10.3
Armour         | 4 5 6 7 9 10 12 13 | 13.4
Axes           | 3 4 5 |  5.3
Maces & Flails | 2 4 7 9 |  9.0
Dodging        | 2 4 6 8 |  8.2
Long Blades    | 7 10 11 | 11.2

Action                   |  1- 3 |  4- 6 |  7- 9 | 10-12 | 13-15 || total
-------------------------+-------+-------+-------+-------+-------++-------
Melee: War axe           |    70 |    82 |     3 |       |       ||   155
       Headbutt          |    13 |    14 |    32 |   145 |    22 ||   226
       Dire flail        |       |       |   168 |   494 |       ||   662
       Unarmed           |       |       |     5 |       |       ||     5
       Scimitar          |       |       |       |    34 |    66 ||   100
Throw: Stone             |     1 |     6 |       |       |       ||     7
Invok: Berserk           |       |     1 |     1 |     3 |     2 ||     7
       Trog's Hand       |       |       |       |     8 |       ||     8
       Brothers in Arms  |       |       |       |       |     1 ||     1
  Use: Scroll            |     7 |     3 |    10 |     9 |     9 ||    38
       Potion            |       |     2 |     1 |     4 |     6 ||    13
 Stab: Invisible         |       |       |     2 |       |       ||     2
Armor: Scale mail        |    31 |    30 |     1 |       |       ||    62
       Chain mail        |       |       |    64 |   132 |    69 ||   265
       Plate armour      |       |       |    28 |    44 |       ||    72
       Skin              |       |       |     2 |     1 |       ||     3
       Crystal plate arm |       |       |       |   125 |       ||   125
Dodge: Dodged            |    35 |    21 |    89 |   309 |   127 ||   581
Block: Buckler           |    10 |    13 |       |     6 |    42 ||    71

Table legend: (Time is in decaauts)
 A = Elapsed time spent in this place.
 B = Non-inter-level travel time spent in this place.
 C = Inter-level travel time spent in this place.
 D = Time resting spent in this place.
 E = Time spent auto-exploring this place.
 F = Levels seen in this place.
 G = Mean time per level.
                   A        B        C        D        E       F      G
               +--------+--------+--------+--------+--------+-----+--------+
         Total |  18721 |  15257 |   3464 |   5331 |   6824 |  16 | 1170.1 |
       Dungeon |  11762 |   9172 |   2590 |   2836 |   4468 |  10 | 1176.2 |
        Temple |     93 |      9 |     84 |      0 |      0 |   1 |   93.0 |
          Lair |   5808 |   5019 |    789 |   1921 |   2356 |   4 | 1452.0 |
      Gauntlet |   1057 |   1057 |      0 |    574 |      0 |   1 | 1057.0 |
               +--------+--------+--------+--------+--------+-----+--------+

Top non-repeatable levels by time:
  Lair:3: 2323 daAuts
  Lair:1: 2117 daAuts
    D:10: 1976 daAuts
     D:7: 1383 daAuts
     D:5: 1276 daAuts
  Lair:2: 1270 daAuts
     D:4: 1227 daAuts
     D:8: 1183 daAuts
     D:6: 1142 daAuts
     D:9: 1087 daAuts
Gauntlet: 1057 daAuts
     D:1: 937 daAuts
     D:3: 820 daAuts
     D:2: 726 daAuts
  Lair:4: 97 daAuts
